[Event "39th Olympiad Khanty-Mansiysk 2010"]
[Site "Khanty-Mansiysk/Russia"]
[Date "2010.09.22"]
[Round "1"]
[White "Tjolsen, Katrine"]
[Black "Hou, Yifan"]
[Result "0-1"]
[WhiteElo "2259"]
[BlackElo "2578"]
[PlyCount "78"]
[EventDate "2010.??.??"]
[WhiteTeam "Norway"]
[BlackTeam "China"]
[WhiteTeamCountry "NOR"]
[BlackTeamCountry "CHN"]
[TimeControl "40/5400+30:1800+30"]

1. d4 Nf6 2. Nf3 e6 3. c4 Bb4+ 4. Nbd2 b6 5. g3 Ba6 6. Qc2 O-O 7. Bg2 d5 8. a3
Be7 9. O-O c5 10. Rd1 Nbd7 11. dxc5 Bxc5 12. Qa4 Qc8 13. b4 Be7 14. Nd4 Ne5 15.
cxd5 Nxd5 16. Bb2 Bb7 17. Rac1 Qb8 18. N2f3 Bf6 19. e4 Nxf3+ 20. Bxf3 Ne7 21.
Bg2 h6 22. Qb3 Rc8 23. f4 Rxc1 24. Rxc1 e5 25. Nb5 Nc6 26. Rd1 Be7 27. Rd7 Bc8
28. Rc7 Ba6 29. Rxc6 Bxb5 30. Bxe5 Qd8 31. Rc1 a5 32. Rd1 Qe8 33. Qb2 axb4 34.
Bxg7 bxa3 35. Qa1 Rd8 36. Bxh6 Rxd1+ 37. Qxd1 Qd7 38. Qc1 Qc6 39. f5 a2 0-1

[Event "39th Olympiad Khanty-Mansiysk 2010"]
[Site "Khanty-Mansiysk/Russia"]
[Date "2010.09.22"]
[Round "1"]
[White "Nanjo, Ryosuke"]
[Black "Fernandez, Francis"]
[Result "0-1"]
[WhiteElo "2257"]
[BlackElo "2313"]
[PlyCount "140"]
[EventDate "2010.??.??"]
[WhiteTeam "Japan"]
[BlackTeam "Dominican Republic"]
[WhiteTeamCountry "JPN"]
[BlackTeamCountry "DOM"]
[TimeControl "40/5400+30:1800+30"]

1. d4 Nf6 2. c4 a6 3. Nc3 c5 4. Nf3 cxd4 5. Nxd4 d6 6. e4 e6 7. Be2 Be7 8. O-O
O-O 9. Be3 Nc6 10. f4 Bd7 11. Qe1 Rc8 12. Rd1 Qc7 13. Qf2 Na5 14. g4 Nxc4 15.
g5 Nxe3 16. Qxe3 Ne8 17. f5 Qc5 18. fxe6 Bxg5 19. exf7+ Rxf7 20. Qd3 Nf6 21.
Kh1 Re7 22. Nf5 Rxe4 23. Nxe4 Nxe4 24. Nxd6 Nf2+ 25. Rxf2 Qxf2 26. Qd5+ Kf8 27.
Bf3 Be6 28. Qe4 Rc2 29. Bg2 Re2 30. Qf3+ Qxf3 31. Bxf3 Rxb2 32. Nxb7 Bf4 33.
Nc5 Bxa2 34. Bg2 a5 35. Nd3 Rd2 36. Rf1 Rxd3 37. Rxf4+ Ke7 38. Kg1 Bd5 39. Bxd5
Rxd5 40. Re4+ Kd6 41. Kf2 Kc5 42. Re7 Rg5 43. Ra7 Kb4 44. h4 Rg4 45. Ke3 h5 46.
Kd3 g6 47. Ra6 a4 48. Kc2 Kc5 49. Kd3 Kd5 50. Ke3 Ke5 51. Kf3 Kf5 52. Ra5+ Kf6
53. Ra6+ Kg7 54. Ra7+ Kh6 55. Ra6 Rxh4 56. Kg3 Rb4 57. Kg2 h4 58. Ra5 g5 59.
Kh3 Kh5 60. Rc5 a3 61. Ra5 Rb3+ 62. Kh2 Rb2+ 63. Kh3 Rb3+ 64. Kh2 h3 65. Ra8
Kh4 66. Rh8+ Kg4 67. Ra8 Rb2+ 68. Kg1 a2 69. Ra4+ Kh5 70. Ra3 Rb1+ 0-1

[Event "39th Olympiad Khanty-Mansiysk 2010"]
[Site "Khanty-Mansiysk/Russia"]
[Date "2010.09.22"]
[Round "1"]
[White "Fomina, Tatjana"]
[Black "Krush, Irina"]
[Result "0-1"]
[WhiteElo "2256"]
[BlackElo "2490"]
[PlyCount "82"]
[EventDate "2010.??.??"]
[WhiteTeam "Estonia"]
[BlackTeam "United States"]
[WhiteTeamCountry "EST"]
[BlackTeamCountry "USA"]
[TimeControl "40/5400+30:1800+30"]

1. d4 Nf6 2. Nc3 d5 3. Bg5 h6 4. Bxf6 exf6 5. Qd3 f5 6. g3 c6 7. Bh3 g6 8. Nf3
Bg7 9. Ne5 O-O 10. f4 Nd7 11. Nf3 Re8 12. O-O c5 13. e3 c4 14. Qd2 Nf6 15. Ne5
Bf8 16. a3 Kg7 17. Bg2 Ne4 18. Bxe4 fxe4 19. Qe2 f6 20. Ng4 h5 21. Nf2 Be6 22.
Kg2 Qd7 23. Rg1 b5 24. b3 Rec8 25. Rgb1 cxb3 26. Rxb3 a6 27. a4 b4 28. Ncd1 a5
29. c3 Rc4 30. cxb4 axb4 31. a5 Qc7 32. a6 Qb6 33. Nb2 Rc6 34. Qe1 Rxa6 35.
Rxa6 Qxa6 36. Rxb4 Bxb4 37. Qxb4 Rc2 38. Qe7+ Bf7 39. Nbd1 Qe2 40. Kh3 Qf1+ 41.
Kh4 Qxd1 0-1

[Event "39th Olympiad Khanty-Mansiysk 2010"]
[Site "Khanty-Mansiysk/Russia"]
[Date "2010.09.22"]
[Round "1"]
[White "Elliott, Warren"]
[Black "Efimov, Igor"]
[Result "0-1"]
[WhiteElo "2254"]
[BlackElo "2433"]
[PlyCount "106"]
[EventDate "2010.??.??"]
[WhiteTeam "Jamaica"]
[BlackTeam "Monaco"]
[WhiteTeamCountry "JAM"]
[BlackTeamCountry "MNC"]
[TimeControl "40/5400+30:1800+30"]

1. e4 c5 2. Nf3 e6 3. d4 cxd4 4. Nxd4 a6 5. Bd3 Bc5 6. Nb3 Be7 7. Nc3 d6 8. O-O
Nf6 9. Be3 Nbd7 10. f4 b5 11. a3 Bb7 12. Qe2 Rc8 13. Rae1 O-O 14. Bf2 e5 15.
Bh4 exf4 16. Nd4 Ne5 17. Nf5 Ng6 18. Bg5 Re8 19. Qf3 b4 20. axb4 Qb6+ 21. Kh1
Qxb4 22. Bxf4 Bf8 23. Bd2 Re6 24. Re2 Qc5 25. Be3 Qa5 26. Bd4 Kh8 27. b4 Qd8
28. Nd5 Ne5 29. Bxe5 dxe5 30. c4 Nxd5 31. exd5 Rf6 32. Qg3 g6 33. Ne3 Rxf1+ 34.
Nxf1 Qf6 35. Rf2 Qg7 36. Qf3 f5 37. c5 e4 38. Bxe4 fxe4 39. Qxe4 Rd8 40. c6 Bc8
41. Ne3 Qc3 42. g4 Bxb4 43. Nc4 Bc5 44. Rf7 Kg8 45. c7 Rf8 46. Rxf8+ Kxf8 47.
Qf4+ Ke7 48. d6+ Kd7 49. Qf7+ Kc6 50. Qe8+ Kb7 51. Qe4+ Ka7 52. d7 Bxd7 53. Ne5
Qxe5 0-1

[Event "39th Olympiad Khanty-Mansiysk 2010"]
[Site "Khanty-Mansiysk/Russia"]
[Date "2010.09.22"]
[Round "1"]
[White "Umudova, Nargiz"]
[Black "Exler, Veronika"]
[Result "1-0"]
[WhiteElo "2251"]
[BlackElo "2130"]
[PlyCount "59"]
[EventDate "2010.??.??"]
[WhiteTeam "Azerbaijan"]
[BlackTeam "Austria"]
[WhiteTeamCountry "AZE"]
[BlackTeamCountry "AUT"]
[TimeControl "40/5400+30:1800+30"]

1. e4 c6 2. d4 d5 3. Nc3 dxe4 4. Nxe4 Nd7 5. Ng5 Ngf6 6. Bd3 e6 7. N1f3 Bd6 8.
Qe2 h6 9. Ne4 Nxe4 10. Qxe4 Qc7 11. O-O b6 12. b3 Bb7 13. Qg4 Kf8 14. Bb2 Nf6
15. Qh4 Nd5 16. Rfe1 Nf4 17. Rad1 Kg8 18. Ne5 g5 19. Qg4 f5 20. Qg3 c5 21. dxc5
bxc5 22. Bf1 Kh7 23. Rxd6 Qxd6 24. Nf7 Qd2 25. Bc3 Qxc2 26. Nxh8 Qxa2 27. Qe3
Nd5 28. Qxe6 Nxc3 29. Qg6+ Kxh8 30. Re7 1-0

[Event "39th Olympiad Khanty-Mansiysk 2010"]
[Site "Khanty-Mansiysk/Russia"]
[Date "2010.09.22"]
[Round "1"]
[White "Al-Tamimi, Hamad"]
[Black "Erdogdu, Mert"]
[Result "0-1"]
[WhiteElo "2250"]
[BlackElo "2428"]
[PlyCount "118"]
[EventDate "2010.??.??"]
[WhiteTeam "Qatar"]
[BlackTeam "Turkey"]
[WhiteTeamCountry "QAT"]
[BlackTeamCountry "TUR"]
[TimeControl "40/5400+30:1800+30"]

1. e4 c5 2. Nf3 d6 3. Bb5+ Nc6 4. Bxc6+ bxc6 5. O-O Bg4 6. h3 Bh5 7. e5 dxe5 8.
g4 e4 9. gxh5 exf3 10. Nc3 Nf6 11. Qxf3 Rc8 12. Re1 e6 13. d3 Be7 14. Bf4 O-O
15. h6 g6 16. Be5 Nd7 17. Bg7 Re8 18. Rad1 Bf6 19. Bxf6 Nxf6 20. Ne4 Nxe4 21.
Rxe4 Qg5+ 22. Kh2 Qxh6 23. Rc4 Qf8 24. Qe3 Qd6+ 25. Kg1 Rb8 26. b3 Rb5 27. a4
Ra5 28. Rh4 h5 29. Qg5 Qd5 30. Rxh5 c4 31. Qxd5 cxd5 32. Rh4 cxb3 33. cxb3 Rc5
34. Rb4 Re7 35. Kf1 a5 36. Rb8+ Kg7 37. Ke2 d4 38. b4 axb4 39. Rxb4 e5 40. Rd2
Kf6 41. Ra2 Ra7 42. f4 exf4 43. Rxd4 Kf5 44. Kf3 g5 45. Rb2 Re7 46. Rb5 Re3+
47. Kg2 Rce5 48. Rdd5 Rxd5 49. Rxd5+ Kg6 50. a5 Re2+ 51. Kf3 Ra2 52. Rd6+ Kh5
53. a6 f5 54. Rf6 Ra3 55. Rd6 Ra4 56. Rf6 g4+ 57. hxg4+ fxg4+ 58. Kg2 Ra2+ 59.
Kg1 f3 0-1

[Event "39th Olympiad Khanty-Mansiysk 2010"]
[Site "Khanty-Mansiysk/Russia"]
[Date "2010.09.22"]
[Round "1"]
[White "Montalvo, Alejandro"]
[Black "Eichab, Charles Sidney"]
[Result "1-0"]
[WhiteElo "2250"]
[BlackElo "2046"]
[PlyCount "37"]
[EventDate "2010.??.??"]
[WhiteTeam "Puerto Rico"]
[BlackTeam "Namibia"]
[WhiteTeamCountry "PUR"]
[BlackTeamCountry "NAM"]
[TimeControl "40/5400+30:1800+30"]

1. d4 Nf6 2. c4 e6 3. Nc3 Bb4 4. f3 Bxc3+ 5. bxc3 d6 6. e4 e5 7. Bd3 Nbd7 8.
Ne2 c5 9. O-O Qe7 10. f4 Kd8 11. fxe5 dxe5 12. Ng3 h6 13. Nf5 Qf8 14. dxe5 Nxe5
15. Bc2+ Kc7 16. Bf4 Nfd7 17. Qd5 f6 18. Rad1 Rb8 19. Ba4 1-0

[Event "39th Olympiad Khanty-Mansiysk 2010"]
[Site "Khanty-Mansiysk/Russia"]
[Date "2010.09.22"]
[Round "1"]
[White "Rowe, Duane"]
[Black "Van Hoolandt, Patrick"]
[Result "1-0"]
[WhiteElo "2248"]
[BlackElo "2151"]
[PlyCount "73"]
[EventDate "2010.??.??"]
[WhiteTeam "Jamaica"]
[BlackTeam "Monaco"]
[WhiteTeamCountry "JAM"]
[BlackTeamCountry "MNC"]
[TimeControl "40/5400+30:1800+30"]

1. e4 e5 2. Nf3 Nc6 3. d4 exd4 4. Nxd4 Nf6 5. Nxc6 bxc6 6. e5 Qe7 7. Qe2 Nd5 8.
c4 Nb6 9. Nc3 a5 10. Qe4 g6 11. Be3 Bg7 12. f4 Bb7 13. O-O-O O-O 14. h4 Rae8
15. c5 Nd5 16. Bc4 Nxc3 17. bxc3 d5 18. cxd6 cxd6 19. Bb3 dxe5 20. f5 a4 21.
Qxa4 gxf5 22. Qb4 Qxb4 23. cxb4 Rd8 24. Bc5 Rfe8 25. Bb6 Rxd1+ 26. Rxd1 Bf6 27.
h5 e4 28. Rd7 Re7 29. Rd8+ Kg7 30. Bc5 Bg5+ 31. Kc2 Rc7 32. Bf8+ Kf6 33. Bd6
Re7 34. Bxe7+ Kxe7 35. Rg8 Bh6 36. Bc4 f4 37. Rb8 1-0

[Event "39th Olympiad Khanty-Mansiysk 2010"]
[Site "Khanty-Mansiysk/Russia"]
[Date "2010.09.22"]
[Round "1"]
[White "Baklanova, Tatiana"]
[Black "Socko, Monika"]
[Result "0-1"]
[WhiteElo "2247"]
[BlackElo "2486"]
[PlyCount "92"]
[EventDate "2010.??.??"]
[WhiteTeam "ICS"]
[BlackTeam "Poland"]
[BlackTeamCountry "POL"]
[TimeControl "40/5400+30:1800+30"]

1. d4 Nf6 2. c4 e6 3. Nf3 c5 4. Nc3 cxd4 5. Nxd4 Bb4 6. Ndb5 O-O 7. Bf4 Na6 8.
Bd6 Bxd6 9. Qxd6 Ne8 10. Qd2 Nac7 11. e4 Nxb5 12. Nxb5 a6 13. Nc3 d6 14. Rd1
Qa5 15. Be2 Bd7 16. O-O Bc6 17. f3 Rd8 18. Qe3 Nf6 19. g4 b5 20. cxb5 axb5 21.
b4 Qxb4 22. Rb1 Qa5 23. Bxb5 Rc8 24. Be2 d5 25. g5 d4 26. Qxd4 Qxg5+ 27. Kh1
Rfd8 28. Qb6 Nd7 29. Rg1 Qf6 30. Qe3 h6 31. a4 Ba8 32. Rb3 Ne5 33. Nb5 Rc2 34.
Rd3 Nxd3 35. Bxd3 Ra2 36. Bc4 Rxa4 37. Rc1 Ra1 38. Be2 Qb2 39. Rxa1 Qxa1+ 40.
Kg2 Qe1 41. Qf2 Qb4 42. Kf1 Rd2 43. Qb6 Qb1+ 44. Kf2 Qb2 45. Qe3 Bb7 46. Ke1
Rxe2+ 0-1

[Event "39th Olympiad Khanty-Mansiysk 2010"]
[Site "Khanty-Mansiysk/Russia"]
[Date "2010.09.22"]
[Round "1"]
[White "Nakhbayeva, Guliskhan"]
[Black "Kagramanov, Dina"]
[Result "0-1"]
[WhiteElo "2243"]
[BlackElo "2086"]
[PlyCount "106"]
[EventDate "2010.??.??"]
[WhiteTeam "Kazakhstan"]
[BlackTeam "Canada"]
[WhiteTeamCountry "KAZ"]
[BlackTeamCountry "CAN"]
[TimeControl "40/5400+30:1800+30"]

1. d4 d5 2. c4 e6 3. Nc3 c6 4. e3 Nf6 5. Nf3 Nbd7 6. Bd3 dxc4 7. Bxc4 b5 8. Bd3
Bb7 9. O-O b4 10. Na4 Qa5 11. Bd2 Ba6 12. Bxa6 Qxa6 13. Qc2 Qb5 14. Rac1 Rc8
15. b3 Be7 16. e4 O-O 17. e5 Nd5 18. Bg5 h6 19. Bxe7 Nxe7 20. Rfd1 Rfd8 21. Re1
Nf5 22. Qe4 Nb6 23. Nc5 Rd5 24. Nd3 Rcd8 25. Nf4 R5d7 26. Red1 Nd5 27. Ne2 Qa6
28. Rd2 Qb6 29. g4 Nc3 30. Nxc3 bxc3 31. Rxc3 Nxd4 32. Nxd4 Rxd4 33. Rxd4 Rxd4
34. Qe2 Qb4 35. Rc4 Rxc4 36. bxc4 c5 37. Kg2 a5 38. Qd3 Qb7+ 39. Kg3 Qb2 40.
Qe3 Qxa2 41. Qxc5 Qb3+ 42. f3 a4 43. Qb5 Kh7 44. h4 Qc2 45. Qb4 Qb3 46. Qe7 a3
47. Qxf7 Qb1 48. f4 Qd3+ 49. Kh2 Qg6 50. Qa7 Qc2+ 51. Kg3 Qb3+ 52. Kf2 Qb2+ 53.
Kf3 a2 0-1

[Event "39th Olympiad Khanty-Mansiysk 2010"]
[Site "Khanty-Mansiysk/Russia"]
[Date "2010.09.22"]
[Round "1"]
[White "Dimitrijevic, Aleksandra"]
[Black "Kosintseva, Nadezhda"]
[Result "1/2-1/2"]
[WhiteElo "2242"]
[BlackElo "2565"]
[PlyCount "129"]
[EventDate "2010.??.??"]
[WhiteTeam "Bosnia  Herzegovina"]
[BlackTeam "RU1"]
[WhiteTeamCountry "BIH"]
[TimeControl "40/5400+30:1800+30"]

1. c4 Nf6 2. Nf3 e6 3. Nc3 d5 4. e3 c5 5. d4 Nc6 6. Be2 cxd4 7. exd4 dxc4 8.
Bxc4 Be7 9. O-O O-O 10. Be3 b6 11. Qe2 Nb4 12. Rac1 Bb7 13. a3 Nbd5 14. Ne5 a6
15. Bd3 b5 16. Ne4 Nxe4 17. Bxe4 Qd6 18. Bd2 Rab8 19. Rfd1 f5 20. Bf3 Bf6 21.
Rc5 Bxe5 22. Qxe5 Qxe5 23. dxe5 Rfc8 24. Rxc8+ Rxc8 25. Bxd5 Bxd5 26. Bc3 g5
27. f3 Kf7 28. Kf2 Kg6 29. Rd4 f4 30. h4 h6 31. a4 Rc7 32. hxg5 hxg5 33. g3
fxg3+ 34. Kxg3 Rf7 35. f4 Kh5 36. axb5 axb5 37. Rb4 Bc6 38. Rd4 Rg7 39. Rd8
gxf4+ 40. Kxf4 Rg4+ 41. Ke3 Re4+ 42. Kd3 b4 43. Bd4 Bd5 44. Rb8 b3 45. Bc3 Rf4
46. Rg8 Ra4 47. Ke3 Re4+ 48. Kd3 Kh6 49. Rg1 Rh4 50. Bd2+ Kh7 51. Bc3 Bf3 52.
Ke3 Bh5 53. Be1 Rc4 54. Bc3 Bg6 55. Bd4 Rc2 56. Ra1 Rh2 57. Ra7+ Kh6 58. Bc3
Rh3+ 59. Kd4 Rh4+ 60. Kc5 Be4 61. Ra4 Kh5 62. Rb4 Bd5 63. Rxh4+ Kxh4 64. Kd6
Kg4 65. Kc5 1/2-1/2

[Event "39th Olympiad Khanty-Mansiysk 2010"]
[Site "Khanty-Mansiysk/Russia"]
[Date "2010.09.22"]
[Round "1"]
[White "Hejazipour, Mitra"]
[Black "Llaneza Vega, Patricia"]
[Result "1/2-1/2"]
[WhiteElo "2239"]
[BlackElo "2207"]
[PlyCount "94"]
[EventDate "2010.??.??"]
[WhiteTeam "Iran"]
[BlackTeam "Espana"]
[WhiteTeamCountry "IRI"]
[BlackTeamCountry "ESP"]
[TimeControl "40/5400+30:1800+30"]

1. d4 Nf6 2. Nf3 g6 3. c4 Bg7 4. g3 O-O 5. Bg2 d6 6. O-O Nbd7 7. Nc3 e5 8. e4
exd4 9. Nxd4 Re8 10. h3 a6 11. Be3 Rb8 12. a4 Nc5 13. Qc2 a5 14. Rad1 Bd7 15.
Ndb5 b6 16. Rfe1 Qc8 17. Bd4 Bxh3 18. Nxc7 Bxg2 19. Nxe8 Qh3 20. Nxf6+ Bxf6 21.
f3 Bxf3 22. Qh2 Qxh2+ 23. Kxh2 Bxd1 24. Rxd1 Be5 25. Kg2 Kf8 26. g4 Bxd4 27.
Rxd4 Ke7 28. Kf3 Ke6 29. Kf4 Rc8 30. Nb5 Rc6 31. Rd1 Ke7 32. Nd4 Ne6+ 33. Nxe6
fxe6 34. b3 h5 35. gxh5 gxh5 36. Rg1 Kf7 37. Rd1 Kf6 38. Rd2 Ke7 39. Rg2 Kf7
40. Rd2 Ke7 41. Rg2 Rc8 42. Rg7+ Kf6 43. Rb7 Rc6 44. Rh7 Kg6 45. Re7 Kf6 46.
Rh7 Kg6 47. Re7 Kf6 1/2-1/2

[Event "39th Olympiad Khanty-Mansiysk 2010"]
[Site "Khanty-Mansiysk/Russia"]
[Date "2010.09.22"]
[Round "1"]
[White "Nelis, Jean-Francois"]
[Black "Pitterson, Jomo"]
[Result "1/2-1/2"]
[WhiteElo "2238"]
[BlackElo "2242"]
[PlyCount "76"]
[EventDate "2010.??.??"]
[WhiteTeam "Monaco"]
[BlackTeam "Jamaica"]
[WhiteTeamCountry "MNC"]
[BlackTeamCountry "JAM"]
[TimeControl "40/5400+30:1800+30"]

1. d4 Nf6 2. Bg5 Ne4 3. Bf4 c5 4. f3 Qa5+ 5. c3 Nf6 6. Nd2 cxd4 7. Nb3 Qf5 8.
Bxb8 Rxb8 9. Qxd4 b6 10. e4 Qf4 11. Nh3 Qc7 12. e5 Ng8 13. Bd3 e6 14. O-O-O Ne7
15. Rhe1 Nc6 16. Qe3 Be7 17. f4 g6 18. Kb1 h5 19. Nf2 Na5 20. Ne4 Kf8 21. Nd6
Nxb3 22. axb3 Bxd6 23. exd6 Qxd6 24. Bxg6 Qc5 25. Be4 Qxe3 26. Rxe3 f5 27. Bf3
Rh7 28. b4 Bb7 29. Kc2 Bxf3 30. Rxf3 Rc8 31. Ra1 Rg7 32. g3 Rc7 33. Kd3 Ke8 34.
Kd4 Ke7 35. Re3 Rg8 36. Ra6 Rg7 37. Ra1 Rg8 38. Ra6 Rg7 1/2-1/2

[Event "39th Olympiad Khanty-Mansiysk 2010"]
[Site "Khanty-Mansiysk/Russia"]
[Date "2010.09.22"]
[Round "1"]
[White "Fuchs, Judith"]
[Black "Ubaldo, Suarez Maria Gise"]
[Result "1-0"]
[WhiteElo "2237"]
[BlackElo "2054"]
[PlyCount "83"]
[EventDate "2010.??.??"]
[WhiteTeam "Germany"]
[BlackTeam "Venezuela"]
[WhiteTeamCountry "GER"]
[BlackTeamCountry "VEN"]
[TimeControl "40/5400+30:1800+30"]

1. e4 c5 2. Nf3 Nc6 3. d4 cxd4 4. Nxd4 Nf6 5. Nc3 g6 6. Be3 Bg7 7. Bc4 O-O 8.
Bb3 Ng4 9. Qxg4 Nxd4 10. Qd1 Nc6 11. Qd2 d6 12. Bh6 Qa5 13. h4 Qe5 14. O-O-O
Nd4 15. Bxg7 Nxb3+ 16. axb3 Kxg7 17. h5 g5 18. h6+ Kh8 19. Kb1 Bd7 20. f3 a5
21. Qf2 Bc6 22. g3 a4 23. bxa4 Qa5 24. Rh5 f6 25. Rd4 b5 26. b4 Qa7 27. a5 Rac8
28. Kb2 Qc7 29. Qd2 Be8 30. Rh2 Qc6 31. Nd5 Qb7 32. Re2 Bf7 33. Re3 Rc6 34. Rc3
Rfc8 35. Rxc6 Rxc6 36. c3 Qa7 37. f4 Qd7 38. fxg5 Qe6 39. gxf6 exf6 40. Qf4 Bg6
41. Qxf6+ Qxf6 42. Nxf6 1-0

[Event "39th Olympiad Khanty-Mansiysk 2010"]
[Site "Khanty-Mansiysk/Russia"]
[Date "2010.09.22"]
[Round "1"]
[White "Yuffa, Daniil"]
[Black "Blagojevic, Dragisa"]
[Result "1/2-1/2"]
[WhiteElo "2235"]
[BlackElo "2481"]
[PlyCount "92"]
[EventDate "2010.??.??"]
[WhiteTeam "RU5"]
[BlackTeam "MNE"]
[TimeControl "40/5400+30:1800+30"]

1. e4 e5 2. Nf3 Nc6 3. Bb5 a6 4. Bxc6 dxc6 5. O-O Qf6 6. d4 exd4 7. Bg5 Qd6 8.
Nxd4 Bd7 9. Nc3 Ne7 10. Be3 c5 11. Nde2 Qxd1 12. Raxd1 Ng6 13. f3 O-O-O 14. Rd2
Bd6 15. Rfd1 f6 16. Nd5 Be6 17. b3 b5 18. Nef4 Bxf4 19. Nxf4 Rxd2 20. Rxd2 Nxf4
21. Bxf4 c4 22. Rd4 cxb3 23. cxb3 a5 24. Rd3 Kb7 25. Kf2 b4 26. Be3 Ra8 27. f4
f5 28. exf5 Bxf5 29. Rd5 Bb1 30. Rd2 h5 31. Bd4 g6 32. Ke3 Rd8 33. h3 Rd5 34.
Rb2 Bf5 35. Rd2 c5 36. Be5 Kc6 37. Rxd5 Kxd5 38. Kd2 a4 39. bxa4 Bb1 40. a3
bxa3 41. Kc3 Ba2 42. g3 Kc6 43. g4 hxg4 44. hxg4 Be6 45. f5 gxf5 46. gxf5 Bxf5
1/2-1/2

[Event "39th Olympiad Khanty-Mansiysk 2010"]
[Site "Khanty-Mansiysk/Russia"]
[Date "2010.09.22"]
[Round "1"]
[White "Ozturk, Kubra"]
[Black "Savina, Anastasia"]
[Result "1/2-1/2"]
[WhiteElo "2235"]
[BlackElo "2404"]
[PlyCount "132"]
[EventDate "2010.??.??"]
[WhiteTeam "Turkey"]
[BlackTeam "RU2"]
[WhiteTeamCountry "TUR"]
[TimeControl "40/5400+30:1800+30"]

1. d4 Nf6 2. c4 g6 3. Nf3 Bg7 4. g3 O-O 5. Bg2 d6 6. O-O Nc6 7. Nc3 a6 8. e4
Bg4 9. Be3 Nd7 10. Ne2 Na5 11. Nd2 Bxe2 12. Qxe2 c5 13. d5 b5 14. Rab1 bxc4 15.
Nxc4 Nxc4 16. Qxc4 a5 17. a4 Qb6 18. b3 Rfb8 19. Rfd1 Ne5 20. Qe2 Ra7 21. f4
Nd7 22. Qe1 Rab7 23. Bf1 Nf6 24. Bf2 Ng4 25. Bc4 Bd4 26. Bxd4 cxd4 27. Rd3 Ne3
28. Bb5 Nc2 29. Qf2 Na3 30. Rc1 Nxb5 31. axb5 Qxb5 32. Qxd4 Qd7 33. Qe3 Rb4 34.
e5 Qf5 35. Rdc3 dxe5 36. Qxe5 Qxe5 37. fxe5 Rxb3 38. d6 Rxc3 39. Rxc3 exd6 40.
exd6 Kf8 41. Rc5 Rd8 42. Rxa5 Rxd6 43. Ra2 h5 44. h4 Ke7 45. Kg2 Rd3 46. Re2+
Kf6 47. Rf2+ Kg7 48. Ra2 Rd5 49. Ra7 Rf5 50. Rb7 Kh6 51. Ra7 f6 52. Ra6 g5 53.
hxg5+ Kxg5 54. Ra8 Re5 55. Rg8+ Kf5 56. Kh3 Ke4 57. Kg2 Ke3 58. Rf8 Re6 59. Rh8
Re5 60. Rf8 f5 61. Rh8 f4 62. gxf4 Kxf4 63. Rf8+ Kg4 64. Rg8+ Kh4 65. Kh2 Re3
66. Rg7 Rh3+ 1/2-1/2

[Event "39th Olympiad Khanty-Mansiysk 2010"]
[Site "Khanty-Mansiysk/Russia"]
[Date "2010.09.22"]
[Round "1"]
[White "Mamedjarova, Zeinab"]
[Black "Moser, Eva"]
[Result "1-0"]
[WhiteElo "2234"]
[BlackElo "2436"]
[PlyCount "81"]
[EventDate "2010.??.??"]
[WhiteTeam "Azerbaijan"]
[BlackTeam "Austria"]
[WhiteTeamCountry "AZE"]
[BlackTeamCountry "AUT"]
[TimeControl "40/5400+30:1800+30"]

1. c4 e5 2. g3 d6 3. Bg2 g6 4. d4 Nd7 5. Nf3 Bg7 6. O-O Ngf6 7. c5 e4 8. Ng5
dxc5 9. dxc5 h6 10. Nxe4 Nxe4 11. Bxe4 Nxc5 12. Qxd8+ Kxd8 13. Bg2 Bg4 14. Nc3
Bxc3 15. bxc3 Bxe2 16. Re1 Ba6 17. Bf4 Ne6 18. Be5 Re8 19. f4 Kc8 20. g4 Bb5
21. f5 gxf5 22. gxf5 Nd8 23. Bf4 h5 24. Bf3 h4 25. Rad1 Rg8+ 26. Kf2 Nc6 27.
Bd5 Rf8 28. Bxf7 b6 29. Be6+ Kb7 30. Rd7 Rae8 31. Rxc7+ Ka6 32. a4 Bxa4 33. Ra1
Rxe6 34. fxe6 Rxf4+ 35. Ke3 Rg4 36. Rxc6 Kb7 37. Rd6 Bc6 38. Re1 Kc7 39. Rd4
Rg2 40. e7 Rxh2 41. Rc4 1-0

[Event "39th Olympiad Khanty-Mansiysk 2010"]
[Site "Khanty-Mansiysk/Russia"]
[Date "2010.09.22"]
[Round "1"]
[White "Colindres, Daniel"]
[Black "De La Riva Aguado, Oscar"]
[Result "0-1"]
[WhiteElo "2233"]
[BlackElo "2521"]
[PlyCount "56"]
[EventDate "2010.??.??"]
[WhiteTeam "Honduras"]
[BlackTeam "Andorra"]
[WhiteTeamCountry "HON"]
[BlackTeamCountry "AND"]
[TimeControl "40/5400+30:1800+30"]

1. e4 g6 2. d4 Bg7 3. c4 d6 4. Nc3 Nf6 5. Be3 O-O 6. f3 e5 7. dxe5 dxe5 8. Qxd8
Rxd8 9. Nd5 Nxd5 10. cxd5 c6 11. Bc4 b5 12. Bb3 Bb7 13. dxc6 Nxc6 14. Bd5 Rxd5
15. exd5 Nb4 16. Ke2 Bxd5 17. a3 Bc4+ 18. Kf2 Nd3+ 19. Kg3 f5 20. f4 g5 21. Nh3
exf4+ 22. Nxf4 Re8 23. Bxa7 gxf4+ 24. Kh4 Bf6+ 25. Kh3 Bxb2 26. Rab1 Re6 27.
Kh4 Bf6+ 28. Kh5 Ra6 0-1

[Event "39th Olympiad Khanty-Mansiysk 2010"]
[Site "Khanty-Mansiysk/Russia"]
[Date "2010.09.22"]
[Round "1"]
[White "Sipila, Vilka"]
[Black "Pacheco, Marco"]
[Result "1-0"]
[WhiteElo "2231"]
[BlackElo "2392"]
[PlyCount "159"]
[EventDate "2010.??.??"]
[WhiteTeam "Finland"]
[BlackTeam "Peru"]
[WhiteTeamCountry "FIN"]
[BlackTeamCountry "PER"]
[TimeControl "40/5400+30:1800+30"]

1. Nc3 d5 2. e4 e6 3. e5 c5 4. f4 Nc6 5. Nf3 Nge7 6. g3 h5 7. Bh3 g6 8. d4 b6
9. Nb5 Nf5 10. dxc5 bxc5 11. c4 d4 12. Bg2 Bd7 13. Ng5 a6 14. Na3 Be7 15. Ne4
Rb8 16. b3 Nb4 17. Nc2 Nxc2+ 18. Qxc2 Qc7 19. Nf2 h4 20. g4 h3 21. Be4 Ne3 22.
Qd3 g5 23. Bxe3 dxe3 24. Qxe3 gxf4 25. Qxf4 Rg8 26. Nd3 Bg5 27. Qf2 Qa5+ 28.
Ke2 Qd2+ 29. Kf3 Qxf2+ 30. Kxf2 Rc8 31. Kg3 Rh8 32. Rhf1 Ke7 33. Rf3 a5 34. Rd1
Be8 35. Rff1 a4 36. bxa4 Bxa4 37. Rb1 Rc7 38. Rb6 Be3 39. Rfb1 Bc2 40. Rb7 Rhc8
41. R1b5 Bxd3 42. Bxd3 Bd4 43. Kf4 Bg1 44. Kg3 Rxb7 45. Rxb7+ Kf8 46. a4 Rd8
47. Rb3 Bd4 48. Kxh3 Bxe5 49. Kg2 Ra8 50. Ra3 Bb2 51. Rb3 Be5 52. Ra3 Bb2 53.
Ra2 Bc3 54. Be4 Ra6 55. Kf3 Ba5 56. Rb2 Bb4 57. Bc2 Rd6 58. Ke3 Bd2+ 59. Ke2
Bb4 60. Bd3 Ra6 61. Ra2 Kg7 62. Ke3 Ba5 63. h4 Rd6 64. Rb2 Bb4 65. g5 Ra6 66.
Ra2 f6 67. Be4 f5 68. Bd3 Kg6 69. Kf4 Bc3 70. Re2 Rd6 71. Rxe6+ Rxe6 72. Bxf5+
Kf7 73. Bxe6+ Kxe6 74. Ke4 Bd2 75. g6 Kf6 76. Kd5 Kxg6 77. Kxc5 Be1 78. Kb6
Bxh4 79. c5 Kf7 80. c6 1-0

[Event "39th Olympiad Khanty-Mansiysk 2010"]
[Site "Khanty-Mansiysk/Russia"]
[Date "2010.09.22"]
[Round "1"]
[White "Makropoulou, Marina"]
[Black "Vajda, Szidonia"]
[Result "1/2-1/2"]
[WhiteElo "2230"]
[BlackElo "2342"]
[PlyCount "61"]
[EventDate "2010.??.??"]
[WhiteTeam "Greece"]
[BlackTeam "Hungary"]
[WhiteTeamCountry "GRE"]
[BlackTeamCountry "HUN"]
[TimeControl "40/5400+30:1800+30"]

1. e4 d6 2. d4 Nf6 3. Nc3 e5 4. dxe5 dxe5 5. Qxd8+ Kxd8 6. Bc4 Ke8 7. f3 a6 8.
a4 Nbd7 9. g4 h6 10. Nh3 Bb4 11. Nf2 Nc5 12. Be3 Be6 13. Bxc5 Bxc5 14. Bxe6
fxe6 15. Nd3 Nd7 16. Ke2 Ke7 17. a5 Rhf8 18. Na4 Ba7 19. Ra3 Rf7 20. Rc3 Rc8
21. Rd1 c5 22. b4 Rcf8 23. Ndxc5 Bxc5 24. Nxc5 Nxc5 25. bxc5 Rc8 26. Rb1 Kf6
27. c6 Rfc7 28. Rxb7 Rxc6 29. Rxc6 Rxc6 30. Rb2 Rc5 31. Ra2 1/2-1/2

[Event "39th Olympiad Khanty-Mansiysk 2010"]
[Site "Khanty-Mansiysk/Russia"]
[Date "2010.09.22"]
[Round "1"]
[White "Chirivi, Jenny Astrid"]
[Black "Partac, Elena"]
[Result "1/2-1/2"]
[WhiteElo "2227"]
[BlackElo "2087"]
[PlyCount "83"]
[EventDate "2010.??.??"]
[WhiteTeam "Colombia"]
[BlackTeam "Moldova"]
[WhiteTeamCountry "COL"]
[BlackTeamCountry "MDA"]
[TimeControl "40/5400+30:1800+30"]

1. d4 Nf6 2. c4 e6 3. Nf3 Bb4+ 4. Bd2 Qe7 5. g3 Nc6 6. Bg2 Bxd2+ 7. Nbxd2 d6 8.
O-O O-O 9. e4 e5 10. d5 Nb8 11. Ne1 Bg4 12. f3 Bd7 13. Nd3 a5 14. Qe2 c6 15.
Rae1 Na6 16. a3 Rac8 17. f4 exf4 18. gxf4 cxd5 19. cxd5 Bb5 20. Nb3 Nc5 21.
Nbxc5 Rxc5 22. Qd2 Rfc8 23. Nxc5 Bxf1 24. Bxf1 Rxc5 25. b4 axb4 26. axb4 Rc8
27. e5 Ng4 28. Bd3 Qh4 29. Re2 Ra8 30. Qe1 Qh6 31. exd6 Nf6 32. Qg3 Qh5 33. Re5
Ra1+ 34. Bf1 Qd1 35. Qf2 Qg4+ 36. Qg3 Qd1 37. Qg2 g6 38. Qe2 Qd4+ 39. Qe3 Qd1
40. Qe2 Qd4+ 41. Qe3 Qd1 42. Qe2 1/2-1/2